 Dungeon Crawl Stone Soup version 0.25-a0-410-g53dbb631d1 (webtiles) character file.

Game seed: 4758186938123296553, levelgen mode: deterministic

11 LSt the Skirmisher (level 2, 26/26 HPs)
             Began as a Ghoul Fighter on Jan 13, 2020.
             Quit the game on level 1 of the Dungeon.
             The game lasted 00:03:24 (627 turns).

LSt the Skirmisher (Ghoul Fighter)                   Turns: 627, Time: 00:03:24

Health: 26/26      AC:  6    Str: 19    XL:     2   Next: 29%
Magic:  1/1        EV:  7    Int:  3    God:
Gold:   3          SH:  8    Dex:  8    Spells: 1/1 levels left

rFire    . . .     SeeInvis .     - Unarmed
rCold    + . .     Gourm    .   b - +0 shield
rNeg     + + +     Faith    .   a - +0 scale mail
rPois    ∞         Spirit   .   (no helmet)
rElec    .         Reflect  .   (no cloak)
rCorr    .         Harm     .   (no gloves)
MR       .....                  (no boots)
Stlth    ..........             (no amulet)
HPRegen  0.08/turn              (no ring)
MPRegen  0.07/turn              (no ring)

@: rotting
A: rotting body, claws 1, carnivore, cold resistance 1, negative energy
resistance 3, inhibited regeneration, torment resistance, unbreathing
a: no special abilities


You were on level 1 of the Dungeon.
You were not hungry.

You visited 1 branch of the dungeon, and saw 1 of its levels.

You collected 3 gold pieces.

Inventory:

Missiles
 h - 38 stones (quivered)
Armour
 a - a +0 scale mail (worn)
 b - a +0 shield (worn)
Jewellery
 g - an uncursed ring of poison resistance {unknown}
Scrolls
 e - a scroll of blinking {unknown}
 i - a scroll of enchant armour {unknown}
 k - a scroll of amnesia {unknown}
Potions
 c - a potion of might
 j - a potion of haste {unknown}
Comestibles
 d - 2 rations
 f - 3 chunks of flesh


   Skills:
 - Level 3.2 Fighting
 - Level 2.6 Armour
 - Level 2.6 Shields
 + Level 3.2 Unarmed Combat


You had one spell level left.
You didn't know any spells.
Your spell library was empty.

Dungeon Overview and Level Annotations

Branches:
Dungeon (1/15)

Altars:


Innate Abilities, Weirdness & Mutations

Your body is rotting away.
You thrive on raw meat.
You are immune to poison.
You have sharp fingernails.
You are carnivorous and can eat meat at any time.
Your flesh is cold resistant. (rC+)
You are immune to negative energy. (rN+++)
You do not regenerate when monsters are visible.
You are immune to unholy pain and torment.
You can survive without breathing.


Message History

You start waiting.
Done waiting.
A goblin comes into view. It is wielding a +0 club.
The goblin shouts!
You claw the goblin!
You kill the goblin!
Things that are here:
a +0 club; a goblin corpse You butcher the goblin corpse.
f - 3 chunks of flesh (gained 2)
Things that are here:
a +0 club; a goblin skeleton
i - a scroll labeled BAUL NASAPN
Found 17 stones.
Found a brown potion.
Found a scroll labeled XYCKIN CUJE.
h - 38 stones (gained 17)
j - a brown potion
k - a scroll labeled XYCKIN CUJE Are you sure you want to abandon this character and quit the game? (Confirm with "yes".)

#.#.###...##..### ..#
#...##..#.
#.#.............. .....
#.#..##...##..### ....
..#..##...##..# #. ..#.
#.....#.......# ...
..... #.....#...##..#
..# #.... ......###..##
...# .#..#.
....#..###...###....#.
.....
...............@.......
##.#.
.......................
.....
........###...####...#.
#.#. ..............#
..# ###.#. # ...##..#
... . ...... ##. #..#
#. ..###... # #...
........ ... ........
........


There were no monsters in sight!

Vanquished Creatures
  A leopard gecko (D:1)
  A bat (D:1)
  A giant cockroach (D:1)
  A hobgoblin (D:1)
  4 goblins (D:1)
  2 rats (D:1)
10 creatures vanquished.

Notes
Turn   | Place    | Note
-------+----------+-------------------------------------------
     0 | D:1      | LSt the Ghoul Fighter began the quest for the Orb.
     0 | D:1      | Reached XP level 1. HP: 19/19 MP: 0/0
   286 | D:1      | Reached XP level 2. HP: 18/26 MP: 1/1
   627 | D:1      | Quit the game

Levels and vault maps discovered:
D:1:      wheals_arrival_shading, layout_basic

Skill      XL: |  1  2 |
---------------+-------+-----
Unarmed Combat | 3 |  3.2
Fighting       | |  3.2
Armour         | |  2.6
Shields        | |  2.6

Action                   || total
-------------------------++-------
Melee: Unarmed           ||    29
  Eat: Chunk             ||     3
Armor: Scale mail        ||     3
Dodge: Dodged            ||     4
Block: Shield            ||    10

Table legend:
 A = Non-vault XP
 B = Vault XP
 C = Vault XP percentage of total XP
 D = Non-vault monster count
 E = Vault monster count
 F = Vault count percentage of total count
                 A         B        C        D         E       F
            +---------+---------+-------+---------+---------+-------
      Total |      17 |       0 |   0.0 |      10 |       0 |   0.0
            +---------+---------+-------+---------+---------+-------
        D:1 |      17 |       0 |   0.0 |      10 |       0 |   0.0
            +---------+---------+-------+---------+---------+-------
